 Dungeon Crawl Stone Soup version 0.29.0-4-gdea44cf6ec (webtiles) character file.

Game seed: 2172833182150939765

11 qw the Vexing (level 2, -3/27 HPs)
             Began as an Ogre Enchanter on Sept 4, 2022.
             Slain by a goblin
             ... wielding a +0 club
             ... led by Robin
              (5 damage)
             ... on level 2 of the Dungeon.
             The game lasted 00:00:11 (593 turns).

qw the Vexing (Ogre Enchanter)                       Turns: 593, Time: 00:00:11

Health: -3/27      AC:  3    Str: 11    XL:     2   Next: 29%
Magic:  5/5        EV:  9    Int: 16    God:
Gold:   32         SH:  0    Dex:  9    Spells: 5/5 levels left

rFire   . . .      SeeInvis .   a - +0 long sword
rCold   . . .      Faith    .   (no shield)
rNeg    . . .      Spirit   .   b - +0 robe
rPois   .          Reflect  .   (helmet restricted)
rElec   .          Harm     .   (no cloak)
rCorr   .          Rampage  .   (gloves unavailable)
Will    .....                   (boots unavailable)
Stlth   ++........              (no amulet)
HPRegen 0.09/turn               (no ring)
MPRegen 0.09/turn               (no ring)

@: no status effects
A: large, unfitting armour, tough skin 1
a: no special abilities


You were on level 2 of the Dungeon.
You visited 1 branch of the dungeon, and saw 2 of its levels.

You collected 32 gold pieces.


Innate Abilities, Weirdness & Mutations

You are too large for most types of armour.
You have tough skin. (AC +1)


   Skills:
 - Level 1.5 Fighting
 - Level 0.8 Short Blades
 + Level 1.3 Axes
 - Level 1.7 Dodging
 - Level 2.1 Stealth
 - Level 2.4 Spellcasting
 - Level 2.6 Hexes


You had 5 spell levels left.
You didn't know any spells.
Your spell library contained the following spells:

 Spells                   Type           Power      Damage    Failure   Level
 Ensorcelled Hibernation  Hex/Ice        12%        N/A       17%         2
 Confusing Touch          Hex            10%        N/A       21%         3
 Tukima's Dance           Hex            10%        N/A       21%         3
 Dazzling Flash           Conj/Hex       12%        N/A       34%         3

Inventory:

Hand Weapons
 a - a +0 long sword (weapon)
 d - a +0 club
Armour
 b - a +0 robe (worn)
Potions
 c - 2 potions of invisibility

Dungeon Overview and Level Annotations

Branches:
Dungeon (1/15)

Altars:

Annotations:
D:2 Robin


Message History

The goblin shouts! x2
A goblin comes into view. It is wielding a +0 club.
The goblin shouts!
The hobgoblin shouts!
You hit the goblin.
You kill the goblin!
Robin of the Strong Arm comes into view.
They are wielding a +0 club.
A kobold comes into view. It is wielding a +0 short sword.
A goblin comes into view. It is wielding a +0 dagger.
The goblin barely misses you.
You closely miss the goblin.
The goblin shouts!
You hear a shout!
Robin shouts!
A goblin comes into view. It is wielding a +0 dagger.
The goblin hits you with a +0 club.
A goblin comes into view. It is wielding a +0 club.
You hear a shout!
585 ||| Stepping ~*~*~tactically~*~*~ (outnumbered).
Robin roars a battlecry!
The goblins go into a battle-frenzy!
586 ||| Stepping ~*~*~tactically~*~*~ (hiding).
You hit the goblin.
The goblin is severely wounded.
The goblin hits you with a +0 club.
You closely miss the goblin.
The goblin is severely wounded.
The goblin completely misses you.
589 ||| Stepping ~*~*~tactically~*~*~ (outnumbered).
The hobgoblin attacks as you move away! The hobgoblin closely misses you.
The goblin attacks as you move away! The goblin hits you with a +0 club.
You barely miss the goblin.
The goblin is severely wounded.
The hobgoblin barely misses you. The goblin hits you with a +0 club.
You slash the goblin!
You kill the goblin!
The hobgoblin hits you. The goblin hits you with a +0 club.
The goblin closely misses you.
You miss the goblin. The goblin hits you with a +0 club.
The goblin hits you but does no damage.
You barely miss the hobgoblin. The hobgoblin hits you.
The goblin hits you with a +0 club.
You die...

#### ..# #.# #.#
#######.##
.........###
########gg.####.##
#@g........
##gg###.##
#######.g..:#
#......g#####
......)..#
....ggg..#
.........#
..gg.....#
.gg.:.....


You could see Robin, 2 hobgoblins and 4 goblins.

Vanquished Creatures
  A worm (D:2)
  4 goblins
  2 hobgoblins (D:1)
7 creatures vanquished.

Notes
Turn   | Place    | Note
-------+----------+-------------------------------------------
     0 | D:1      | qw the Ogre Enchanter began the quest for the Orb.
     0 | D:1      | Reached XP level 1. HP: 16/16 MP: 3/3
     0 | D:1      | 0 ||| qw: Version: 0.1-a-103-gd6f5d3a
     0 | D:1      | 0 ||| qw: Game counter: 5441
     0 | D:1      | 0 ||| qw: Always use a shield: true
     0 | D:1      | 0 ||| qw: God list: Okawaru
     0 | D:1      | 0 ||| qw: Allow faded altars: false
     0 | D:1      | 0 ||| qw: Do Orc after D:15 true
     0 | D:1      | 0 ||| qw: Do second Lair branch before Depths: true
     0 | D:1      | 0 ||| qw: Lair rune preference: random
     0 | D:1      | 0 ||| qw: Plans: Normal
     0 | D:1      | 0 ||| PLANNING D:1-11
   103 | D:1      | 103 ||| SWAPPING to +0 club.
   104 | D:1      | 104 ||| DROPPING +1 dagger.
   140 | D:1      | Reached skill level 1 in Axes
   314 | D:1      | You fall into a shaft and drop 1 floor!
   320 | D:2      | 320 ||| SWAPPING to +0 long sword.
   333 | D:2      | HP: 3/18 [worm (5)]
   335 | D:2      | Reached skill level 1 in Fighting
   335 | D:2      | Reached XP level 2. HP: 5/27 MP: 5/5
   583 | D:2      | Noticed Robin
   585 | D:2      | 585 ||| Stepping ~*~*~tactically~*~*~ (outnumbered).
   586 | D:2      | 586 ||| Stepping ~*~*~tactically~*~*~ (hiding).
   589 | D:2      | 589 ||| Stepping ~*~*~tactically~*~*~ (outnumbered).
   592 | D:2      | HP: 5/27 [goblin/+0 club[Robin] (3)]
   593 | D:2      | HP: 2/27 [hobgoblin[Robin] (3)]
   593 | D:2      | Slain by a goblin

Levels and vault maps discovered:
D:1:      dpeg_arrival_pits, layout_basic
D:2:      layout_rooms, uniq_crazy_yiuf_cottage, uniq_sigmund, uniq_robin

Skill      XL: |  1 |
---------------+----+-----
Axes           | 1 |  1.3
Fighting       | 1 |  1.5
Short Blades   | |  0.8
Dodging        | |  1.7
Stealth        | |  2.1
Spellcasting   | |  2.4
Hexes          | |  2.6

Action                   || total
-------------------------++-------
Melee: Club              ||    12
       Dagger            ||     8
       Long sword        ||    14
       Punch             ||     1
Armor: Robe              ||     9
Dodge: Dodged            ||    12

Table legend:
 A = Non-vault XP
 B = Vault XP
 C = Vault XP percentage of total XP
 D = Non-vault monster count
 E = Vault monster count
 F = Vault count percentage of total count
                 A         B        C        D         E       F
            +---------+---------+-------+---------+---------+-------
      Total |      13 |       4 |  23.5 |       5 |       2 |  28.6
            +---------+---------+-------+---------+---------+-------
        D:1 |       8 |       0 |   0.0 |       4 |       0 |   0.0
        D:2 |       5 |       4 |  44.4 |       1 |       2 |  66.7
            +---------+---------+-------+---------+---------+-------
